 Dungeon Crawl Stone Soup version 0.32-a0-711-g016ad743e0 (webtiles) character file.

Game seed: 5672828396500030140

27 ytrimaz the Caller (level 2, -5/20 HPs)
             Began as a Demigod Summoner on Mar 15, 2024.
             Slain by Sigmund
             ... wielding a +0 scythe
              (11 damage)
             ... on level 2 of the Dungeon.
             The game lasted 00:01:36 (1349 turns).

ytrimaz the Caller (Demigod Summoner)               Turns: 1349, Time: 00:01:36

Health: -5/20      AC:  2    Str:  9    XL:     2   Next: 72%
Magic:  2/7        EV: 11    Int: 17    God:
Gold:   45         SH:  0    Dex: 14    Spells: 2/5 levels left

rFire   . . .        (no weapon)
rCold   . . .        (no shield)
rNeg    . . .        a - +0 robe
rPois   .            (no helmet)
rElec   .            (no cloak)
rCorr   .            (no gloves)
SInv    .            (no boots)
Will    .....        (no amulet)
Stlth   ++           (no ring)
HPRegen 0.23/turn    (no ring)
MPRegen 0.10/turn

%: no passive effects
@: no status effects
A: high MP 1, forlorn, divine attributes
a: no special abilities


You were on level 2 of the Dungeon.
You visited 1 branch of the dungeon, and saw 2 of its levels.

You collected 45 gold pieces.


Innate Abilities, Weirdness & Mutations

You have an increased reservoir of magic. (+10% MP)
You shall have no god before yourself.
Your divine heritage dramatically boosts your attributes as you level up.


   Skills:
 - Level 1.7 Dodging
 - Level 1.7 Stealth
 + Level 2.4 Spellcasting
 + Level 4.1 Summonings


You had 2 spell levels left.
You knew the following spells:

 Your Spells              Type           Power      Damage    Failure   Level
a - Summon Small Mammal   Summ           64%        N/A       3%          1
b - Call Imp              Summ           32%        N/A       5%          2

Your spell library contained the following spells:

 Spells                   Type           Power      Damage    Failure   Level
 Sting                    Conj/Alch      8%         1d3       19%         1
 Mercury Vapours          Alch/Air       4%         N/A       28%         2
 Call Canine Familiar     Summ           16%        N/A       11%         3
 Summon Blazeheart Golem  Fire/Summ      9%         N/A       63%         4
 Summon Lightning Spire   Summ/Air       9%         N/A       63%         4
 Olgreb's Toxic Radiance  Alch           2%         N/A       88%         4

Inventory:

Armour
 a - a +0 robe (worn)
Scrolls
 c - a scroll of identify {unknown}
 d - 2 scrolls of teleportation {unknown}
 e - a scroll of poison {unknown}
 f - a scroll of blinking {unknown}
 h - a scroll of torment {unknown}
Potions
 b - a potion of magic
 g - a potion of heal wounds {unknown}
 i - a potion of curing {unknown}

Dungeon Overview and Level Annotations

Branches:
Dungeon (2/15) Zot: 10650

Annotations:
D:2 Sigmund

.......
#.# #.#
#.# #.#
#.# #.#
#.# #5#
#@# #.#
#.# #.#
#.# #.#
#)# #.#
#.#


You could see a friendly cerulean imp (summoned).


Message History

Sigmund mumbles some strange words.
Sigmund flickers and vanishes!
Deactivating autopickup; reactivate with Ctrl-A.
Something hits your cerulean imp!
Unknown command.
Casting: Summon Small Mammal (safe; 3% risk of failure)
Confirm with . or Enter, or press ? or * to list all spells.
A tiny devil pulls itself out of the air.
Your cerulean imp disappears in a puff of smoke!
Something hits your rat.
Your rat dies!
Your rat's corpse disappears in a puff of smoke! 😎 MP[-2]
You lost 2 mp, and now have 2/7 mp.
Unknown command.
You swap places. 😎 MP[+1]
Something closely misses your cerulean imp.
Something closely misses your cerulean imp.
You hear some strange, mumbled words.
Your cerulean imp easily resists.
Something misses your cerulean imp. 😎 MP[+1]
A puff of flame appears from out of thin air!
The puff of flame hits your cerulean imp!
Your cerulean imp dies!
Your cerulean imp disappears in a puff of smoke!
Unknown command.
Casting: Call Imp (safe; 5% risk of failure)
Confirm with . or Enter, or press ? or * to list all spells.
You miscast Call Imp.
You are very lightly contaminated with residual magic.
Nothing appears to happen.
You hear a shout! 😎 MP[-2]
You lost 2 mp, and now have 2/7 mp.
You hear some strange, mumbled words.
A puff of flame appears from out of thin air!
The puff of flame misses you.
Things that are here:
a +0 dagger; 2 stones You hear some strange, mumbled words.
You are confused.
You see here a hobgoblin corpse.
Reactivating autopickup.
Sigmund appears from thin air!
Your magical contamination has completely faded away.
Unknown command.
You're too confused to cast spells.
You bump into the rock wall.
Sigmund gestures at you while chanting.
You are more confused. 😎 MP[+1]
You bump into the rock wall.
You bump into the rock wall.
Sigmund misses you.
Unknown command.
You bump into the rock wall.
Sigmund hits you from afar with a +0 scythe. 😕 HP[-4]
You take 4 damage, and now have 16/20 hp.
You bump into the rock wall.
Unknown command.
You bump into the rock wall.
Sigmund misses you.
Unknown command.
You're too confused to cast spells.
You bump into the rock wall.
Sigmund closely misses you. 😕 HP[+1]
You bump into the rock wall.
Unknown command.
Sigmund smiles chillingly.
Sigmund attacks as he pursues you! Sigmund barely misses you.
Unknown command.
You bump into the rock wall.
Sigmund casts a spell at you. The magic dart hits you. 😮 HP[-3]
You take 3 damage, and now have 14/20 hp.
You're too confused to cast spells.
You bump into the rock wall.
You feel less confused.
Sigmund gestures wildly while chanting.
Sigmund flickers and vanishes!
Deactivating autopickup; reactivate with Ctrl-A. 😮 HP[+1] MP[+1] Unknown command.
Casting: Call Imp (safe; 5% risk of failure)
Confirm with . or Enter, or press ? or * to list all spells.
A tiny devil pulls itself out of the air.
Something hits you!
Ouch! That really hurt!
* * * LOW HITPOINT WARNING * * *
😱 HP[-10] MP[-2]
You take 10 damage, and now have 5/20 hp.
MASSIVE DAMAGE!! (PAUSE)
You lost 2 mp, and now have 2/7 mp.
You swap places. 😨 HP[+1]
Something hits you!
Ouch! That really hurt!
You die...

Skill      XL: |  1  2 |
---------------+-------+-----
Spellcasting   | 2 |  2.4
Summonings     | 4 |  4.1
Dodging        | |  1.7
Stealth        | |  1.7

Action                     || total
---------------------------++-------
  Melee: Unarmed           ||    18
         Punch             ||     2
   Cast: Summon Small Mamm ||    35
         Call Imp          ||     9
 Armour: Robe              ||    18
  Dodge: Dodged            ||    23

Levels and vault maps discovered:
D:1:      nagdon_arrival_double_spiral, layout_basic, nicolae_eternal_life,
          minmay_cut_off
D:2:      cheibrodos_greedy_goblins, layout_basic, uniq_sigmund, uniq_robin,
          uniq_natasha

Notes
Turn   | Place    | Note
-------+----------+-------------------------------------------
     0 | D:1      | ytrimaz the Demigod Summoner began the quest for the Orb.
     0 | D:1      | Reached XP level 1. HP: 14/14 MP: 5/5
     0 | D:1      | magus.rc [v1.9.6]
    73 | D:1      | You add the spells Sting, Mercury Vapours and Olgreb's
                  | Toxic Radiance to your library.
   229 | D:1      | Reached skill level 2 in Spellcasting
   430 | D:1      | Reached XP level 2. HP: 19/20 MP: 3/7
   480 | D:1      | Learned a level 2 spell: Call Imp
   772 | D:1      | Reached skill level 4 in Summonings
  1291 | D:2      | Noticed Sigmund
  1343 | D:2      | HP: 5/20 [something (10)]
  1349 | D:2      | Slain by Sigmund

Vanquished Creatures (collateral kills)
  A dart slug (D:1)
  4 ball pythons (D:1)
  A giant cockroach (D:1)
  5 hobgoblins
  4 kobolds
  A bat (D:1)
  A frilled lizard (D:1)
  3 goblins (D:1)
20 creatures vanquished.

Table legend:
 A = Non-vault XP
 B = Vault XP
 C = Vault XP percentage of total XP
 D = Non-vault monster count
 E = Vault monster count
 F = Vault count percentage of total count
                 A         B        C        D         E       F
            +---------+---------+-------+---------+---------+-------
      Total |      36 |       3 |   7.7 |      18 |       2 |  10.0
            +---------+---------+-------+---------+---------+-------
        D:1 |      30 |       3 |   9.1 |      15 |       2 |  11.8
        D:2 |       6 |       0 |   0.0 |       3 |       0 |   0.0
            +---------+---------+-------+---------+---------+-------

Skill      XL: |  1  2 |
---------------+-------+-----
Spellcasting   | 2 |  2.4
Summonings     | 4 |  4.1
Dodging        | |  1.7
Stealth        | |  1.7

Action                     || total
---------------------------++-------
  Melee: Unarmed           ||    18
         Punch             ||     2
   Cast: Summon Small Mamm ||    35
         Call Imp          ||     9
 Armour: Robe              ||    18
  Dodge: Dodged            ||    23

Illustrated notes

Table legend:
 A = Kills in this place as a percentage of kills in the entire game.
 B = Kills by you in this place as a percentage of kills by you in the entire game.
 C = Kills by friends in this place as a percentage of kills by friends in the entire game.
 D = Other kills in this place as a percentage of other kills in the entire game.
 E = Experience gained in this place as a percentage of experience gained in the entire game.
 F = Experience gained in this place divided by the number of levels of this place that you have seen.
                   A       B       C       D       E      F
               +-------+-------+-------+-------+-------+----------------------
         Total | 100.0 |   N/A | 100.0 |   N/A | 100.0 |  19.5
       Dungeon | 100.0 |   N/A | 100.0 |   N/A | 100.0 |  19.5
               +-------+-------+-------+-------+-------+----------------------

Table legend: (Time is in decaauts)
 A = Elapsed time spent in this place.
 B = Non-inter-level travel time spent in this place.
 C = Inter-level travel time spent in this place.
 D = Time resting spent in this place.
 E = Time spent auto-exploring this place.
 F = Levels seen in this place.
 G = Mean time per level.
                   A        B        C        D        E       F      G
               +--------+--------+--------+--------+--------+-----+--------+
         Total |   1348 |   1328 |     20 |      0 |   1041 |   2 |  674.0 |
       Dungeon |   1348 |   1328 |     20 |      0 |   1041 |   2 |  674.0 |
               +--------+--------+--------+--------+--------+-----+--------+

Top non-repeatable levels by time:
     D:1: 1206 daAuts
     D:2: 142 daAuts
